cohdb
Replays
Latest Replays
All Replays
Popular Replays
Top Player Replays
Match Explorer
How It Works
Community
CoH3 Stats
Reddit
Sign in to upload your games and track your stats! →
Sign in with Steam
Match 37932647
Unlisted
Match 37932647
Overview
Messages
Build Orders
End
Kradschützen Motorcycle Team
Panzergrenadier Squad
250 Light Carrier
Construct Light Support Kompanie
Combat Half-tracks
Selects Armored Support Battlegroup
Selects Superior Fire Drills
Assault Grenadier Squad
Construct Mechanized Kompanie
Support Armor Elements
Assault Mechanized Group
StuG III D Assault Gun
StuG III D Assault Gun
Vehicle Survival Package
MG34 Team
Selects Flammpanzer III Medium Tank
Flammpanzer III Medium Tank
REGULATOR
D O M I N A T I O N
0
0
Comments
sign in to comment!
No comments posted yet!